| TOP OF THE 1ST |
|
Cocoa Flyers batting - Pitching for Tampa Pirates : RHP Andre Patillo
|
|
Pitching: RHP Andre Patillo
|
|
|
Batting: RHB Danny Arroyo
|
0-0: Ball 1-0: DOUBLE (Flyball, 8RXD, EV 106.9 MPH)
|
|
Batting: RHB Lorenzo Quintanilla
|
0-0: Swinging Strike 0-1: Fly out, F8 (Flyball, 8LM, EV 83.1 MPH)
|
|
Batting: LHB Clint Hurdle
|
0-0: Ball 1-0: Called Strike 1-1: Foul Ball, location: 2F 1-2: Ground out 4-3 (Groundball, 4, EV 104.4 MPH) Danny Arroyo to third
|
|
Batting: LHB Gary Robertson
|
0-0: Ball 1-0: Fly out, F7 (Flyball, 7D, EV 105.0 MPH)
|
| Top of the 1st over - 0 runs, 1 hit, 0 errors, 1 left on base; Cocoa 0 - Tampa 0 |
| BOTTOM OF THE 1ST |
|
Tampa Pirates batting - Pitching for Cocoa Flyers : RHP Ken Pryce
|
|
Pitching: RHP Ken Pryce
|
|
|
Batting: LHB Reggie West
|
0-0: Called Strike 0-1: Ball 1-1: Foul Ball, location: 2F 1-2: Foul Ball, location: 2F 1-2: Ball 2-2: Foul Ball, location: 2F 2-2: Ball 3-2: Foul Ball, location: 2F 3-2: Foul Ball, location: 2F 3-2: Base on Balls
|
|
Batting: SHB Gary Springer
|
0-0: Called Strike 0-1: Called Strike 0-2: Strikes out swinging
|
|
Batting: RHB Cliff Pastornicky
|
0-0: Ball Reggie West steals 2nd base 1-0: Foul Ball, location: 2F 1-1: Fly out, F9 (Flyball, 9LD, EV 101.9 MPH) Runner from 2nd tags up, SAFE at 3rd, no throw by RF
|
|
Batting: LHB David Frederick
|
0-0: Ground out 6-3 (Groundball, 6, EV 90.0 MPH)
|
| Bottom of the 1st over - 0 runs, 0 hits, 0 errors, 1 left on base; Cocoa 0 - Tampa 0 |
| TOP OF THE 2ND |
|
Cocoa Flyers batting - Pitching for Tampa Pirates : RHP Andre Patillo
|
|
Batting: RHB Larry McNutt
|
0-0: Called Strike 0-1: Called Strike 0-2: Ball 1-2: Strikes out looking
|
|
Batting: SHB Rick Lockwood
|
0-0: Ground out 5-3 (Groundball, 5, EV 88.8 MPH)
|
|
Batting: RHB Johnny Salery
|
0-0: Ball 1-0: Ball 2-0: Called Strike 2-1: Foul Ball, location: 2F 2-2: Foul Ball, location: 2F 2-2: SINGLE (Line Drive, 78S, EV 91.9 MPH)
|
|
Batting: RHB Jorge Diaz
|
0-0: Called Strike 0-1: Foul Ball, location: 2F 0-2: DOUBLE (Line Drive, 8RXD, EV 106.9 MPH) Johnny Salery to third Johnny Salery scores
|
|
Batting: RHB Miguel Dominguez
|
0-0: Called Strike 0-1: Ball 1-1: Ball 2-1: Called Strike 2-2: Foul Ball, location: 2F 2-2: Ground out 4-3 (Groundball, 4, EV 81.3 MPH)
|
| Top of the 2nd over - 1 run, 2 hits, 0 errors, 1 left on base; Cocoa 1 - Tampa 0 |
| BOTTOM OF THE 2ND |
|
Tampa Pirates batting - Pitching for Cocoa Flyers : RHP Ken Pryce
|
|
Batting: RHB Ricky Jones
|
0-0: Swinging Strike 0-1: Called Strike 0-2: Strikes out looking
|
|
Batting: LHB Alfredo Rodriguez
|
0-0: Called Strike 0-1: SINGLE (Groundball, 6MD, EV 95.0 MPH)
|
|
Batting: RHB Dale Eiler
|
0-0: Swinging Strike 0-1: Ball 1-1: SINGLE (Flyball, 5D, EV 101.9 MPH) Alfredo Rodriguez to second
|
|
Batting: RHB Roy Dixon
|
0-0: Ball 1-0: Called Strike 1-1: Foul Ball, location: 2F 1-2: Foul Ball, location: 2F 1-2: Ball 2-2: Foul Ball, location: 2F 2-2: Foul Ball, location: 2F 2-2: Ball 3-2: Base on Balls Alfredo Rodriguez to third Dale Eiler to second
|
|
Batting: RHB Jeffrey Narleski
|
0-0: Fly out, F8 (Flyball, 78D, EV 86.3 MPH) Runner from 3rd tags up, SCORES, no throw by CF
|
|
Batting: LHB Reggie West
|
0-0: Swinging Strike 0-1: Swinging Strike 0-2: Ball 1-2: Ball 2-2: Foul Ball, location: 2F 2-2: Ball 3-2: Ground out 5-3 (Groundball, 56S, EV 78.8 MPH)
|
| Bottom of the 2nd over - 1 run, 2 hits, 0 errors, 2 left on base; Cocoa 1 - Tampa 1 |
| TOP OF THE 3RD |
|
Cocoa Flyers batting - Pitching for Tampa Pirates : RHP Andre Patillo
|
|
Batting: RHB Danny Arroyo
|
0-0: Called Strike 0-1: Foul Ball, location: 2F 0-2: Ball 1-2: Ball 2-2: Ball 3-2: Foul Ball, location: 2F 3-2: SINGLE (Groundball, 34D, EV 98.1 MPH)
|
|
Batting: RHB Lorenzo Quintanilla
|
0-0: Ball 1-0: Reached on error, E5 (Groundball, 56S, EV 68.8 MPH) Danny Arroyo to third
|
|
Batting: LHB Clint Hurdle
|
0-0: Foul Ball, location: 2F 0-1: Hit by Pitch
|
|
Batting: LHB Gary Robertson
|
0-0: Fly out, F8 (Flyball, 8RXD, EV 97.5 MPH) Runner from 3rd tags up, SCORES, no throw by CF
|
|
Batting: RHB Larry McNutt
|
0-0: Foul Ball, location: 2F 0-1: Swinging Strike 0-2: Ball 1-2: Ball 2-2: Ball 3-2: Base on Balls Lorenzo Quintanilla to third Clint Hurdle to second
|
|
Batting: SHB Rick Lockwood
|
0-0: Swinging Strike 0-1: Foul Ball, location: 2F 0-2: Ball 1-2: Foul Ball, location: 2F 1-2: Strikes out swinging
|
|
Batting: RHB Johnny Salery
|
0-0: Ball 1-0: Foul Ball, location: 2F 1-1: GRAND SLAM HOME RUN (Line Drive, 7LD, EV 106.3 MPH), Distance : 362 ft
|
|
Batting: RHB Jorge Diaz
|
0-0: Ball 1-0: Fly out, F7 (Line Drive, 7D, EV 95.0 MPH)
|
| Top of the 3rd over - 5 runs, 2 hits, 1 error, 0 left on base; Cocoa 6 - Tampa 1 |
| BOTTOM OF THE 3RD |
|
Tampa Pirates batting - Pitching for Cocoa Flyers : RHP Ken Pryce
|
|
Batting: SHB Gary Springer
|
0-0: Ball 1-0: Called Strike 1-1: Called Strike 1-2: Fly out, F9 (Flyball, 9, EV 76.3 MPH)
|
|
Batting: RHB Cliff Pastornicky
|
0-0: Fly out, F7 (Flyball, 7, EV 83.1 MPH)
|
|
Batting: LHB David Frederick
|
0-0: Called Strike 0-1: Ball 1-1: Swinging Strike 1-2: Ball 2-2: Ball 3-2: Foul Ball, location: 2F 3-2: Foul Ball, location: 2F 3-2: Base on Balls
|
|
Batting: RHB Ricky Jones
|
0-0: Ball 1-0: Called Strike David Frederick steals 2nd base 1-1: Fly out, F3 (Flyball, 34D, EV 86.3 MPH)
|
| Bottom of the 3rd over - 0 runs, 0 hits, 0 errors, 1 left on base; Cocoa 6 - Tampa 1 |
| TOP OF THE 4TH |
|
Cocoa Flyers batting - Pitching for Tampa Pirates : RHP Andre Patillo
|
|
Batting: RHB Miguel Dominguez
|
0-0: Called Strike 0-1: Ball 1-1: Foul Ball, location: 2F 1-2: Ball 2-2: Foul Ball, location: 2F 2-2: Reached on error, E4 (Groundball, 4, EV 91.3 MPH)
|
|
Batting: RHB Danny Arroyo
|
0-0: Ball 1-0: Ball 2-0: Fly out, F5 (Line Drive, 5, EV 65.6 MPH)
|
|
Batting: RHB Lorenzo Quintanilla
|
0-0: Ball 1-0: Ground out 6-3 (Groundball, 6, EV 84.4 MPH)
|
|
Batting: LHB Clint Hurdle
|
0-0: Called Strike 0-1: Fly out, F7 (Flyball, 7, EV 87.5 MPH)
|
| Top of the 4th over - 0 runs, 0 hits, 1 error, 1 left on base; Cocoa 6 - Tampa 1 |
| BOTTOM OF THE 4TH |
|
Tampa Pirates batting - Pitching for Cocoa Flyers : RHP Ken Pryce
|
|
Batting: LHB Alfredo Rodriguez
|
0-0: Foul Ball, location: 2F 0-1: Ground out U3 (Groundball, 3, EV 107.5 MPH)
|
|
Batting: RHB Dale Eiler
|
0-0: Foul Ball, location: 2F 0-1: Ball 1-1: Ball 2-1: Fly out, F9 (Flyball, 9, EV 83.1 MPH)
|
|
Batting: RHB Roy Dixon
|
0-0: Ball 1-0: Swinging Strike 1-1: Foul Ball, location: 2F 1-2: Ball 2-2: Foul Ball, location: 2F 2-2: Fly out, F9 (Flyball, 9, EV 86.3 MPH)
|
| Bottom of the 4th over - 0 runs, 0 hits, 0 errors, 0 left on base; Cocoa 6 - Tampa 1 |
| TOP OF THE 5TH |
|
Cocoa Flyers batting - Pitching for Tampa Pirates : RHP Andre Patillo
|
|
Batting: LHB Gary Robertson
|
0-0: Ground out 4-3 (Groundball, 4, EV 82.5 MPH)
|
|
Batting: RHB Larry McNutt
|
0-0: Ball 1-0: Reached on error, E5 (Groundball, 56, EV 90.0 MPH)
|
|
Batting: SHB Rick Lockwood
|
0-0: Called Strike 0-1: Ball Larry McNutt steals 2nd base (no throw) 1-1: Called Strike 1-2: Foul Ball, location: 2F 1-2: Strikes out looking
|
|
Batting: RHB Johnny Salery
|
0-0: Called Strike 0-1: Foul Ball, location: 2F 0-2: Ball 1-2: Strikes out looking
|
| Top of the 5th over - 0 runs, 0 hits, 1 error, 1 left on base; Cocoa 6 - Tampa 1 |
| BOTTOM OF THE 5TH |
|
Tampa Pirates batting - Pitching for Cocoa Flyers : RHP Ken Pryce
|
|
Batting: RHB Jeffrey Narleski
|
0-0: Ball 1-0: Ball 2-0: Ball 3-0: Called Strike 3-1: Base on Balls
|
|
Batting: LHB Reggie West
|
0-0: Ball 1-0: Fly out, F8 (Flyball, 89D, EV 97.5 MPH)
|
|
Batting: SHB Gary Springer
|
0-0: Ball 1-0: Ball 2-0: Grounds into double play, 4-6-3 (Groundball, 4, EV 80.6 MPH)
|
| Bottom of the 5th over - 0 runs, 0 hits, 0 errors, 0 left on base; Cocoa 6 - Tampa 1 |
| TOP OF THE 6TH |
|
Cocoa Flyers batting - Pitching for Tampa Pirates : RHP Andre Patillo
|
|
Pitching: RHP Eugene Norman
|
|
|
Batting: RHB Jorge Diaz
|
0-0: Called Strike 0-1: Ball 1-1: Ball 2-1: Ball 3-1: SINGLE (Line Drive, 8LS, EV 93.1 MPH)
|
|
Batting: RHB Miguel Dominguez
|
0-0: Ball 1-0: Grounds into double play, 4-6-3 (Groundball, 4, EV 85.0 MPH)
|
|
Batting: RHB Danny Arroyo
|
0-0: Called Strike 0-1: Called Strike 0-2: Ball 1-2: Ball 2-2: Ground out 5-3 (Groundball, 15, EV 85.6 MPH)
|
| Top of the 6th over - 0 runs, 1 hit, 0 errors, 0 left on base; Cocoa 6 - Tampa 1 |
| BOTTOM OF THE 6TH |
|
Tampa Pirates batting - Pitching for Cocoa Flyers : RHP Ken Pryce
|
|
Batting: RHB Cliff Pastornicky
|
0-0: Fly out, F8 (Flyball, 78XD, EV 103.1 MPH)
|
|
Batting: LHB David Frederick
|
0-0: Ball 1-0: Ball 2-0: SINGLE (Groundball, 4MD, EV 103.8 MPH)
|
|
Batting: RHB Ricky Jones
|
0-0: Called Strike 0-1: Called Strike 0-2: Foul Ball, location: 2F 0-2: Ball 1-2: SINGLE (Groundball, 6MD, EV 107.5 MPH) David Frederick to second Runner from 2nd tries for 3rd, SAFE, no throw by CF
|
|
Batting: LHB Alfredo Rodriguez
|
0-0: Ball 1-0: Called Strike 1-1: Foul Ball, location: 2F 1-2: Ball 2-2: Ball 3-2: 3-RUN HOME RUN (Flyball, 9D, EV 93.1 MPH), Distance : 363 ft
|
|
Batting: RHB Dale Eiler
|
0-0: Ball 1-0: Ball 2-0: Ground out 5-3 (Groundball, 56S, EV 86.3 MPH)
|
|
Batting: RHB Roy Dixon
|
0-0: Ball 1-0: Called Strike 1-1: Ground out U3 (Groundball, 34, EV 107.5 MPH)
|
| Bottom of the 6th over - 3 runs, 3 hits, 0 errors, 0 left on base; Cocoa 6 - Tampa 4 |
| TOP OF THE 7TH |
|
Cocoa Flyers batting - Pitching for Tampa Pirates : RHP Eugene Norman
|
|
Batting: RHB Lorenzo Quintanilla
|
0-0: Called Strike 0-1: Ball 1-1: Foul Ball, location: 2F 1-2: SINGLE (Groundball, 5S, EV 69.4 MPH) (infield hit)
|
|
Batting: LHB Clint Hurdle
|
0-0: Ball 1-0: Ball 2-0: Ball 3-0: Base on Balls Lorenzo Quintanilla to second
|
|
Batting: LHB Gary Robertson
|
0-0: Called Strike 0-1: Ball 1-1: Ball 2-1: Foul Ball, location: 2F 2-2: Ball 3-2: Base on Balls Lorenzo Quintanilla to third Clint Hurdle to second
|
|
Batting: RHB Larry McNutt
|
0-0: Called Strike 0-1: Ball 1-1: Ball Passed Ball! Lorenzo Quintanilla scores Clint Hurdle to third Gary Robertson to second 2-1: Ball 3-1: Base on Balls
|
|
Batting: SHB Rick Lockwood
|
0-0: Ball 1-0: Ball 2-0: DOUBLE (Line Drive, 7LM, EV 109.4 MPH) Clint Hurdle scores Gary Robertson scores Larry McNutt to third
|
|
Batting: RHB Johnny Salery
|
0-0: Called Strike 0-1: SINGLE (Line Drive, 6MD, EV 97.5 MPH) Larry McNutt scores Rick Lockwood to third Runner from 3rd tries for Home, SAFE, throw by CF to home Johnny Salery to second
|
|
Pitching: LHP George Persandi
|
|
|
Pinch Hitting: RHB Scott Pleis
|
0-0: Ball 1-0: Fly out, F7 (Flyball, 78S, EV 83.8 MPH)
|
|
Pinch Hitting: RHB Ronald Russell
|
0-0: Ball 1-0: Ball 2-0: Ball 3-0: Called Strike 3-1: Ground out 6-3 (Groundball, 6, EV 87.5 MPH) Johnny Salery to third
|
|
Pinch Hitting: SHB Leotis Butler
|
0-0: Called Strike 0-1: Called Strike 0-2: Foul Ball, location: 2F 0-2: Strikes out swinging
|
| Top of the 7th over - 5 runs, 3 hits, 0 errors, 1 left on base; Cocoa 11 - Tampa 4 |
| BOTTOM OF THE 7TH |
|
Tampa Pirates batting - Pitching for Cocoa Flyers : RHP Ken Pryce
|
|
Now at 2B: Scott Pleis
|
|
|
Now at 3B: Ronald Russell
|
|
|
Now in RF: Leotis Butler
|
|
|
Pinch Hitting: SHB Edward Engstler
|
0-0: Ball 1-0: Swinging Strike 1-1: Ball 2-1: Ball 3-1: Foul Ball, location: 2F 3-2: Fly out, F7 (Flyball, 78S, EV 90.0 MPH)
|
|
Pitching: RHP Curtis Reade
|
|
|
Pinch Hitting: RHB James Van Deventer
|
0-0: Ground out 6-3 (Groundball, 6, EV 103.8 MPH)
|
|
Pinch Hitting: LHB Charles Rouse
|
0-0: Ball 1-0: Ball 2-0: Foul Ball, location: 2F 2-1: Foul Ball, location: 2F 2-2: SINGLE (Flyball, 89S, EV 90.0 MPH)
|
|
Pinch Hitting: RHB Steven Young
|
0-0: Called Strike 0-1: Ball 1-1: Foul Ball, location: 2F 1-2: Ball 2-2: Ground out 1-3 (Groundball, 34S, EV 71.3 MPH)
|
| Bottom of the 7th over - 0 runs, 1 hit, 0 errors, 1 left on base; Cocoa 11 - Tampa 4 |
| TOP OF THE 8TH |
|
Cocoa Flyers batting - Pitching for Tampa Pirates : LHP George Persandi
|
|
Now at 2B: Charles Rouse
|
|
|
Now at SS: Steven Young
|
|
|
Now in LF: Edward Engstler
|
|
|
Now in RF: James Van Deventer
|
|
|
Batting: RHB Lorenzo Quintanilla
|
0-0: Ground out 5-3 (Groundball, 5, EV 91.9 MPH)
|
|
Batting: LHB Clint Hurdle
|
0-0: Ground out 5-3 (Groundball, 5S, EV 65.6 MPH)
|
|
Batting: LHB Gary Robertson
|
0-0: Ball 1-0: Fly out, F7 (Flyball, 7LM, EV 104.4 MPH)
|
| Top of the 8th over - 0 runs, 0 hits, 0 errors, 0 left on base; Cocoa 11 - Tampa 4 |
| BOTTOM OF THE 8TH |
|
Tampa Pirates batting - Pitching for Cocoa Flyers : RHP Curtis Reade
|
|
Batting: LHB David Frederick
|
0-0: Ball 1-0: Called Strike 1-1: Foul Ball, location: 2F 1-2: Ball 2-2: Ball 3-2: Foul Ball, location: 2F 3-2: SOLO HOME RUN (Flyball, 9LD, EV 93.8 MPH), Distance : 365 ft
|
|
Batting: RHB Ricky Jones
|
0-0: SINGLE (Groundball, 56S, EV 84.4 MPH) (infield hit)
|
|
Batting: LHB Alfredo Rodriguez
|
0-0: Ball 1-0: Foul Ball, location: 2F 1-1: Ball Wild Pitch! Ricky Jones to second 2-1: Ball Wild Pitch! Ricky Jones to third 3-1: Fly out, F6 (Popup, 6M, EV 71.9 MPH)
|
|
Batting: RHB Dale Eiler
|
0-0: Swinging Strike 0-1: Swinging Strike 0-2: Ball 1-2: Strikes out swinging
|
|
Batting: RHB Roy Dixon
|
0-0: Fly out, F7 (Flyball, 78S, EV 91.9 MPH)
|
| Bottom of the 8th over - 1 run, 2 hits, 0 errors, 1 left on base; Cocoa 11 - Tampa 5 |
| TOP OF THE 9TH |
|
Cocoa Flyers batting - Pitching for Tampa Pirates : LHP George Persandi
|
|
Batting: RHB Larry McNutt
|
0-0: Foul Ball, location: 2F 0-1: Called Strike 0-2: Ball 1-2: Ball 2-2: Ball 3-2: DOUBLE (Groundball, 5L, EV 104.4 MPH)
|
|
Batting: SHB Rick Lockwood
|
0-0: Fly out, F9 (Flyball, 9, EV 86.3 MPH)
|
|
Batting: RHB Johnny Salery
|
0-0: Ball 1-0: Ground out 1-3 (Groundball, 13S, EV 65.6 MPH) Larry McNutt to third
|
|
Batting: RHB Scott Pleis
|
0-0: Ball 1-0: Ball 2-0: Called Strike 2-1: Ground out 3-1 (Groundball, 13, EV 77.5 MPH)
|
| Top of the 9th over - 0 runs, 1 hit, 0 errors, 1 left on base; Cocoa 11 - Tampa 5 |
| BOTTOM OF THE 9TH |
|
Tampa Pirates batting - Pitching for Cocoa Flyers : RHP Curtis Reade
|
|
Batting: SHB Edward Engstler
|
0-0: Swinging Strike 0-1: Called Strike 0-2: Ball 1-2: Ball 2-2: Strikes out swinging
|
|
Pitching: RHP Kenneth Rabun
|
|
|
Batting: RHB James Van Deventer
|
0-0: Ball 1-0: Swinging Strike 1-1: Ball 2-1: SINGLE (Groundball, 4MD, EV 93.8 MPH)
|
|
Batting: LHB Charles Rouse
|
0-0: Ball 1-0: Foul Ball, location: 2F 1-1: Ball 2-1: Fly out, F6 (Popup, 6S, EV 68.1 MPH)
|
|
Batting: RHB Steven Young
|
0-0: Ball 1-0: Ball 2-0: Swinging Strike 2-1: Ball 3-1: Base on Balls James Van Deventer to second
|
|
Batting: LHB David Frederick
|
0-0: Swinging Strike 0-1: Ball 1-1: Foul Ball, location: 2F 1-2: Ball 2-2: SINGLE (Flyball, 9S, EV 96.3 MPH) James Van Deventer to third Steven Young to second
|
|
Batting: RHB Ricky Jones
|
0-0: Ball 1-0: Ball 2-0: Ball 3-0: Base on Balls James Van Deventer scores Steven Young to third David Frederick to second
|
|
Batting: LHB Alfredo Rodriguez
|
0-0: Ball 1-0: Called Strike 1-1: Swinging Strike 1-2: Foul Ball, location: 2F 1-2: SINGLE (Flyball, 8LS, EV 93.8 MPH) Steven Young scores David Frederick to third Ricky Jones to second
|
|
Pitching: RHP Jeffery Vail
|
|
|
Batting: RHB Dale Eiler
|
0-0: Ball 1-0: Called Strike 1-1: Ground out U3 (Groundball, 3S, EV 82.5 MPH)
|
| Bottom of the 9th over - 2 runs, 3 hits, 0 errors, 3 left on base; Cocoa 11 - Tampa 7 |
|